 Dungeon Crawl Stone Soup version 0.22-a0-305-gd21a89c (webtiles) character file.

50 vishdafish the Skirmisher (level 3, 0/43 HPs)
             Began as a Demonspawn Fighter on Mar 30, 2018.
             Succumbed to a gnoll's poison
             ... on level 1 of the Dungeon.
             The game lasted 00:01:51 (1394 turns).

vishdafish the Skirmisher (Demonspawn Fighter)      Turns: 1394, Time: 00:01:52

Health: 0/43       AC: 21    Str: 16    XL:     3   Next: 55%
Magic:  1/3        EV:  2    Int: 10    God:
Gold:   61         SH:  8    Dex: 12    Spells: 2/2 levels left

rFire    . . .     SeeInvis .   a - +0 long sword
rCold    . . .     Gourm    .   c - +0 shield
rNeg     + + +     Faith    .   (armour currently unavailable)
rPois    +         Spirit   +   (helmet currently unavailable)
rElec    .         Reflect  .   (cloak currently unavailable)
rCorr    .         Harm     .   (gloves currently unavailable)
MR       .....     NoTele   +   (boots currently unavailable)
Stlth    +.........             e - amulet of guardian spirit
HPRegen  0.14/turn              (no ring)
MPRegen  0.08/turn              (no ring)

@: lethally poisoned (0 -> -16), tree-form, berserk cooldown, slowed, heavily
drained, very slow
A: no striking features
a: no special abilities


You were on level 1 of the Dungeon.
You were not hungry.
You were a tree.
You visited 1 branch of the dungeon, and saw 2 of its levels.

You collected 61 gold pieces.

Inventory:

Hand Weapons
 a - a +0 long sword (weapon)
Armour
 b - a +0 scale mail (melded)
 c - a +0 shield (worn)
Jewellery
 e - an amulet of guardian spirit (around neck)
Scrolls
 g - 3 scrolls of identify {unknown}
 i - a scroll of random uselessness
 k - a scroll of remove curse {unknown}
Potions
 d - a potion of might
Comestibles
 f - a ration


   Skills:
 + Level 3.3(1.9) Fighting
 * Level 2.6(1.2) Long Blades
 + Level 3.0(1.6) Armour
 + Level 3.0(1.6) Shields


You had 2 spell levels left.
You didn't know any spells.

Dungeon Overview and Level Annotations

Branches:
Dungeon (2/15)

Altars:


Innate Abilities, Weirdness & Mutations

((You are partially covered in iridescent scales. (AC +2)))
((Your flesh is cold resistant. (rC+)))


Message History

* * * LOW HITPOINT WARNING * * *
You feel sick.
* * * LOW HITPOINT WARNING * * *
You feel sick.
You feel your anger nearly subside.
You are no longer berserk.
You are exhausted.
You feel yourself slow down.
* * * LOW HITPOINT WARNING * * *
You feel sick.
It was a potion of lignification.
You turn into a tree.
Your +0 scale mail melds into your body.
Your roots penetrate the ground.
* * * LOW HITPOINT WARNING * * *
You feel sick.
Okay, then.
You cannot move.
There is a lethal amount of poison in your body!
As you read the scroll labeled FUBOIH WOBLUTE, it crumbles to dust.
Your brain hurts!
It was a scroll of random uselessness.
You die...

#..........≈≈≈P..####.#
#.#
#.........#...........#
#.#
#.........#.#.##.######
#.# #.........#.#..#.#
#.# ..........#.##.#.#
#.# ###.#######.##...#
#.# ....# #.###..# #.#
##..# #.#
#..###########.# ....#
#.# ##♣)...........#
....# #.#
############### ....#
#.########### ....#
#...........#
###.#################.#
............# #.#
......#####.#########.#
........#...........#.#
......#.#.#.#######.#.#


There were no monsters in sight!

Vanquished Creatures
  An adder (D:1)
  A gnoll (D:1)
  An ooze (D:1)
  2 bats (D:1)
  2 giant cockroaches (D:1)
  4 goblins
  6 hobgoblins (D:1)
  2 kobolds (D:1)
  3 frilled lizards (D:1)
  3 rats
25 creatures vanquished.

Notes
Turn   | Place    | Note
-------+----------+-------------------------------------------
     0 | D:1      | vishdafish the Demonspawn Fighter began the quest for the Orb.
     0 | D:1      | Reached XP level 1. HP: 18/18 MP: 1/1
   280 | D:1      | Gained mutation: You are partially covered in iridescent scales. (AC +2) [demonic ancestry]
   280 | D:1      | Reached XP level 2. HP: 24/24 MP: 2/2
  1180 | D:1      | Gained mutation: Your flesh is cold resistant. (rC+) [demonic ancestry]
  1180 | D:1      | Reached XP level 3. HP: 27/29 MP: 1/3
  1393 | D:1      | HP: 2/43 [poisoned by a gnoll]
  1394 | D:1      | Succumbed to a gnoll's poison

Vault maps used:
D:1:      minmay_arrival_stone_box, serial_bayou_lagoon_a, minmay_hexomino_f4
D:2:      grunt_temple_overflow_order_and_chaos_2, bloody_trog, xom_butterflies

Skill      XL: |  1  2 |
---------------+-------+-----
Long Blades    | 2 |  2.6
Armour         | 3 |  3.0
Shields        | 3 |  3.0
Fighting       | |  3.3

Action                   || total
-------------------------++-------
Melee: Long sword        ||    73
  Use: Potion            ||     2
       Scroll            ||     1
  Eat: Ration            ||     1
Armor: Scale mail        ||    41
Dodge: Dodged            ||    28
Block: Shield            ||    40
       Rpst.: Long sword ||    10

Table legend:
 A = Spawn XP
 B = Non-spawn XP
 C = Spawn XP percentage of total XP
 D = Spawn monster count
 E = Non-spawn monster count
 F = Spawn count percentage of total count
 G = Total turns spent on level
                    A         B        C        D         E        F      G
               +---------+---------+-------+---------+---------+-------+---------
         Total |       0 |      72 |   0.0 |       0 |      25 |   0.0 |  1394
               +---------+---------+-------+---------+---------+-------+---------
           D:1 |       0 |      69 |   0.0 |       0 |      23 |   0.0 |  1382
           D:2 |       0 |       3 |   0.0 |       0 |       2 |   0.0 |    12
               +---------+---------+-------+---------+---------+-------+---------
